AoeStats
← Cuervo

Arabia

503863177Analyzed
3v3 RM · 29d ago on Sep 2, 2026· 14m 44s· 6 players
Game mode
Random Map
Map size
Normal (6 player)
Population
200
Speed
Normal
Resources
Standard
Victory
Conquest
Starting age
Dark Age
Ending age
Imperial Age
RankedLock teamsTeams togetherTeam positionsShared explorationLock speedFull tech treeHidden civsTurbo modeCheats
Victory
Defeat
🇦🇷 Mongols · Argentina
1071
+18
🇦🇷 Koreans · Argentina
1012
+21
🇦🇷 Byzantines · Argentina
1002
+21
🇫🇷 Celts · France
1127
-20
🇩🇪 Berbers · Germany
1112
-20
🇩🇪 Hindustanis · Germany
1112
-20
M
0:27 Loom
kabotajoe
10:06 Feudal Age
Alcaz
Gitu
3:00 Loom
11:07 Feudal Age
12:12 Man-at-Arms
12:39 Arson
13:28 Forging
Zamba
8:56 Feudal Age
12:32 Scale Barding Armor
14:34 Horse Collar
Cuervo
7:40 Loom
9:58 Feudal Age
13:42 Man-at-Arms
15:10 Forging
Connection lost

Rejoining the realm…

Still unreachable

The connection could not be restored.

Session expired

The server has moved on; the page needs a fresh start.